 Dungeon Crawl Stone Soup version 0.29.1-12-g30fa7ad0bf (webtiles) character file.

Game seed: 12101830453856673178

18 growler the Twirler (level 2, -2/19 HPs)
             Began as a Demonspawn Wanderer on Jan 10, 2023.
             Frozen to death by an endoplasm (4 damage)
             ... on level 1 of the Dungeon.
             The game lasted 00:01:02 (742 turns).

growler the Twirler (Demonspawn Wanderer)            Turns: 742, Time: 00:01:02

Health: -2/19      AC:  2    Str: 10    XL:     2   Next: 51%
Magic:  2/2        EV: 11    Int: 11    God:
Gold:   53         SH:  4    Dex: 16    Spells: 1/1 levels left

rFire   . . .      SeeInvis .   a - +2 quarterstaff
rCold   . . .      Faith    .   (shield currently unavailable)
rNeg    . . .      Spirit   .   d - +0 robe
rPois   .          Reflect  .   (no helmet)
rElec   .          Harm     .   (no cloak)
rCorr   .          Rampage  .   (no gloves)
Will    .....                   (no boots)
Stlth   +.........              (no amulet)
HPRegen 0.06/turn               (no ring)
MPRegen 0.08/turn               (no ring)

@: no status effects
A: condensation shield
a: no special abilities


You were on level 1 of the Dungeon.
You visited 1 branch of the dungeon, and saw 1 of its levels.

You collected 53 gold pieces.

Inventory:

Hand Weapons
 a - a +2 quarterstaff (weapon)
 e - a +2 whip of draining
Armour
 d - a +0 robe (worn)
Jewellery
 h - a ring of flight
Scrolls
 f - a scroll of identify {unknown}
 g - a scroll of noise {unknown}
Potions
 b - 2 potions of lignification
Miscellaneous
 c - a piece from Xom's chessboard (15/15) (quivered)


   Skills:
 + Level 5.1 Staves
 - Level 1.0 Armour
 - Level 1.2 Invocations
 - Level 3.0 Evocations


You had one spell level left.
You didn't know any spells.
Your spell library contained the following spells:

 Spells                   Type           Power      Damage    Failure   Level
 Necrotise                Necr           0%         1d4       34%         1
 Dispel Undead            Necr           0%         3d6       98%         4
 Borgnjor's Vile Clutch   Necr/Erth      0%         N/A       100%        5
 Death's Door             Necr           0%         N/A       100%        9


Dungeon Overview and Level Annotations

Branches:
Dungeon (1/15)

Altars:


Innate Abilities, Weirdness & Mutations

A meltable shield of frost defends you. (SH +4)


Message History

The ball python hisses angrily.
There are monsters nearby!
A goblin comes into view. It is wielding a +0 club.
The ball python closely misses you. The ball python grabs you.
The ball python constricts you.
You sock the ball python!
You kill the ball python!
The goblin shouts!
A dart slug comes into view.
You sock the frilled lizard!
You kill the frilled lizard!
You sock the goblin!
You kill the goblin!
Things that are here:
a +0 club; a goblin corpse You sock the dart slug!
The dart slug is almost dead.
The dart slug launches a dart at you. The slug dart hits you.
You hit the dart slug.
You kill the dart slug!
No target in view!
You now have 53 gold pieces (gained 8).
Found a whip.
You pick up the Directory of Misery and begin reading...
You add the spells Necrotise, Dispel Undead, Borgnjor's Vile Clutch and Death's Door to your library.
Found a stone staircase leading down.
A gnoll comes into view. It is wielding a +0 flail.
The gnoll shouts!
An endoplasm comes into view.
The gnoll hits you with a +0 flail!
You hit the gnoll.
The gnoll is lightly wounded.
The gnoll hits you with a +0 flail!
* * * LOW HITPOINT WARNING * * *
You are too injured to fight recklessly!
Unknown command.
The endoplasm freezes you.
You are frozen.
You die...

##.######## #.# .....#
#.# ##.#.# #.# #.#.#
#.# ##...########.#####
..................##
#.....#####.#.##...#
......# #.#.##...#
......# . #.##@..####
.#.#..# .# #..J......#
.###...... #...g.>...#
.###...........$......#
...........####.....###
####...... ........ ..
##.....### ##...##
...##


You could see a gnoll and an endoplasm.

Vanquished Creatures
  A dart slug (D:1)
  A bat (D:1)
  3 endoplasms (D:1)
  A goblin (D:1)
  2 hobgoblins (D:1)
  2 kobolds (D:1)
  A ball python (D:1)
  3 frilled lizards (D:1)
  A rat (D:1)
15 creatures vanquished.

Notes
Turn   | Place    | Note
-------+----------+-------------------------------------------
     0 | D:1      | growler the Demonspawn Wanderer began the quest for the
                  | Orb.
     0 | D:1      | growler set off with the following items: a +2
                  | quarterstaff, 2 potions of lignification, a piece from
                  | Xom's chessboard (15/15), a +0 robe.
     0 | D:1      | Reached XP level 1. HP: 13/13 MP: 1/1
   245 | D:1      | Gained mutation: A meltable shield of frost defends you.
                  | (SH +4) [demonic ancestry]
   245 | D:1      | Reached XP level 2. HP: 19/19 MP: 2/2
   339 | D:1      | Reached skill level 5 in Staves
   715 | D:1      | Got the Directory of Misery
   742 | D:1      | Frozen to death by an endoplasm

Illustrated notes

Levels and vault maps discovered:
D:1:      dpeg_arrival_arbitrary_c, layout_loops_ring

Skill      XL: |  1  2 |
---------------+-------+-----
Staves         | 5 |  5.1
Armour         | |  1.0
Invocations    | |  1.2
Evocations     | |  3.0

Action                   || total
-------------------------++-------
Melee: Quarterstaff      ||    35
 Stab: Sleeping          ||     2
Armor: Robe              ||     5
Dodge: Dodged            ||    13
Block: Other             ||     1
